 Dungeon Crawl Stone Soup version 0.28.0-43-g3370ac3207 (webtiles) character file.

Game seed: 10022576355233820707

427 jjjjhere the Skirmisher (level 6, -1/55 HPs)
             Began as a Demonspawn Brigand on Mar 26, 2022.
             Slain by a scorpion (3 damage)
             ... on level 3 of the Dungeon.
             The game lasted 00:05:52 (3988 turns).

jjjjhere the Skirmisher (Demonspawn Brigand)        Turns: 3988, Time: 00:05:53

Health: -1/55      AC: 10    Str: 10 (13) XL:     6   Next: 65%
Magic:  5/5        EV:  8    Int: 12 (13) God:
Gold:   229        SH:  0    Dex: 13 (14) Spells: 5/5 levels left

rFire   . . .      SeeInvis .   a - +2 dagger (freeze)
rCold   . . .      Faith    .   (no shield)
rNeg    . . .      Spirit   .   u - +0 scale mail
rPois   .          Reflect  .   (no helmet)
rElec   .          Harm     .   c - +0 cloak
rCorr   .          Rampage  .   (no gloves)
Will    +....                   (no boots)
Stlth   +.........              l - amulet of magic regeneration
HPRegen 0.18/turn               s - +4 ring of slaying
MPRegen 0.58/turn               (no ring)

@: mighty, brilliant, lethally poisoned (-1 -> -5), flying
A: icy blue scales 2, magic regeneration, demonic touch 1, hooves 1, low MP 1,
strong-willed 1
a: no special abilities


You were on level 3 of the Dungeon.
You visited 1 branch of the dungeon, and saw 4 of its levels.

You collected 229 gold pieces.

Inventory:

Hand Weapons
 a - a +2 dagger of freezing (weapon)
 b - a +0 hunting sling
 g - a +1 dagger of protection
Missiles
 d - 14 poisoned darts (quivered)
 e - 2 curare-tipped darts
 r - 30 sling bullets
Armour
 c - a +0 cloak (worn)
 u - a +0 scale mail (worn)
Jewellery
 j - a ring of fire
 l - an amulet of magic regeneration (around neck)
 s - a +4 ring of slaying (left hand)
Scrolls
 f - 3 scrolls of identify {unknown}
 i - a scroll of fear {unknown}
 k - 5 scrolls of teleportation {unknown}
 n - a scroll of noise {unknown}
 q - a scroll of enchant armour {unknown}
 t - a scroll of silence {unknown}
 x - a scroll of fog {unknown}
 y - a scroll of immolation {unknown}
Potions
 h - a potion of brilliance
 m - a potion of curing
 w - a potion of lignification {unknown}


   Skills:
 + Level 7.2 Fighting
 - Level 1.7 Short Blades
 - Level 1.7 Throwing
 - Level 0.8 Dodging
 - Level 3.6 Stealth


You had 5 spell levels left.
You didn't know any spells.
Your spell library contained the following spells:

 Spells                   Type           Power      Damage    Failure   Level
 Sandblast                Erth           0%         2d4       94%         1
 Passwall                 Tmut/Erth      0%         N/A       98%         2
 Stone Arrow              Conj/Erth      0%         3d7       100%        3


Dungeon Overview and Level Annotations

Branches:
Dungeon (4/15)
 Temple: D:4-7

Altars:
Sif Muna
Vehumet


Innate Abilities, Weirdness & Mutations

You are mostly covered in icy blue scales. (AC +3)
You regenerate magic rapidly.
Your touch may inflict minor irresistible damage on your foes.
You have large cloven feet.
Your magical capacity is low. (-10% MP)
You are strong-willed. (Will+)


Message History

You feel very sick.
There is a stone staircase leading down here.
Unknown command.
You feel better.
The scorpion stings you but does no damage.
You closely miss the scorpion.
The scorpion stings you but does no damage.
You hit the scorpion. You freeze the scorpion.
You touch the scorpion.
The scorpion is moderately wounded.
The scorpion stings you but does no damage.
The scorpion stings you.
* * * LOW HITPOINT WARNING * * *
You are lethally poisoned!
The scorpion poisons you!
You feel better. The scorpion barely misses you.
It was a potion of brilliance.
You feel clever all of a sudden. The scorpion stings you.
* * * LOW HITPOINT WARNING * * *
It was a potion of flight.
You feel very buoyant.
You fly up into the air.
The scorpion stings you but does no damage.
It was a potion of degeneration.
There was something very wrong with that liquid.
You feel weakened.
You feel dopey.
You feel clumsy. The scorpion stings you.
* * * LOW HITPOINT WARNING * * *
You are lethally poisoned!
The scorpion poisons you!
It was a potion of mutation.
You feel extremely strange.
Your feet thicken and deform.
You feel less energetic.
You feel strong-willed.
* * * LOW HITPOINT WARNING * * *
You feel sick. The scorpion barely misses you.
The scorpion stings you but does no damage.
It was a potion of might.
You feel very mighty all of a sudden.
* * * LOW HITPOINT WARNING * * *
You feel sick. The scorpion stings you.
You die...

#...)...# #....# #.......#
#######....####### #.......#
#................. #.......#
#.#........#...... #.......#
#.#.....####....#. #.......#
#.#.....# #.##.#.
#####.......####.#.###.# #.##.#.
#..............#s#.###.####.##.#)
#.##............@รท.[)............
#....#.#...#.#.###.###.####.##.#.
###..#.#.....#.###.###..# #.##...
#..#..............<##.###.##.#.
#<...............#..#..##.##.#.
#.......#..#######........)....
###.####.##..# #.............
#........##..#######...##...##.##
#.#.#.......................##.##


You could see a scorpion.

Vanquished Creatures
  Menkaure (D:4)
  An ogre (D:4)
  An iguana (D:3)
  Natasha (twice) (D:2)
  A hound skeleton (D:4)
  A gnoll (D:1)
  4 adders
  A worm (D:3)
  A dart slug (D:4)
  7 orcs
  6 ball pythons
  7 bats
  8 endoplasms
  A giant cockroach (D:2)
  8 goblins
  4 hobgoblins
  9 jackals
  2 frilled lizards
  8 kobolds
  11 rats
84 creatures vanquished.

Notes
Turn   | Place    | Note
-------+----------+-------------------------------------------
     0 | D:1      | jjjjhere the Demonspawn Brigand began the quest for the
                  | Orb.
     0 | D:1      | Reached XP level 1. HP: 16/16 MP: 1/1
   344 | D:1      | Gained mutation: You are partially covered in icy blue
                  | scales. (AC +2) [demonic ancestry]
   344 | D:1      | Reached XP level 2. HP: 23/23 MP: 2/2
   475 | D:1      | Reached skill level 3 in Fighting
   753 | D:1      | Found a faded altar of an unknown god.
  1167 | D:2      | Found a radiant altar of Vehumet.
  1195 | D:2      | Gained mutation: You regenerate magic rapidly. [demonic
                  | ancestry]
  1195 | D:2      | Reached XP level 3. HP: 29/29 MP: 3/3
  1609 | D:2      | Reached skill level 4 in Fighting
  2013 | D:2      | Noticed Natasha
  2066 | D:1      | Reached XP level 4. HP: 29/38 MP: 4/4
  2216 | D:2      | Killed Natasha
  2474 | D:2      | Noticed Natasha
  2480 | D:2      | Killed Natasha
  2481 | D:2      | Reached skill level 5 in Fighting
  2662 | D:3      | Found a shimmering blue altar of Sif Muna.
  2719 | D:3      | Gained mutation: Your touch may inflict minor irresistible
                  | damage on your foes. [demonic ancestry]
  2719 | D:3      | Reached XP level 5. HP: 43/44 MP: 5/5
  3393 | D:4      | Noticed an ogre
  3641 | D:4      | Killed an ogre
  3642 | D:4      | Reached skill level 6 in Fighting
  3642 | D:4      | Gained mutation: You are mostly covered in icy blue scales.
                  | (AC +3) [demonic ancestry]
  3642 | D:4      | Reached XP level 6. HP: 53/53 MP: 6/6
  3946 | D:4      | Noticed Menkaure
  3958 | D:4      | HP: 13/53 [Menkaure (16)]
  3959 | D:4      | Killed Menkaure
  3960 | D:4      | Reached skill level 7 in Fighting
  3970 | D:4      | HP: 15/55 [scorpion (1)]
  3975 | D:4      | HP: 11/55 [poisoned by a scorpion]
  3978 | D:4      | HP: 5/55 [scorpion (3)]
  3979 | D:3      | HP: 1/55 [poisoned by a scorpion]
  3984 | D:3      | HP: 10/55 [scorpion (3)]
  3987 | D:3      | Gained mutation: You have large cloven feet. [potion of
                  | mutation]
  3987 | D:3      | Gained mutation: Your magical capacity is low. (-10% MP)
                  | [potion of mutation]
  3987 | D:3      | Gained mutation: You are strong-willed. (Will+) [potion of
                  | mutation]
  3987 | D:3      | HP: 4/55 [poisoned by a scorpion]
  3988 | D:3      | Slain by a scorpion

Illustrated notes

Levels and vault maps discovered:
D:1:      elethiomel_arrival_diamonds, layout_basic,
          hellmonk_ecumenical_altar_pennies_from_heaven
D:2:      layout_basic, basic_altar, cheibrodos_gnoll_hut, uniq_natasha
D:3:      layout_basic, lemuel_doored_altar
D:4:      layout_rooms, uniq_menkaure

Skill      XL: |  1  2  3  4  5  6 |
---------------+-------------------+-----
Fighting       | 3 4 5 6 7 |  7.2
Short Blades   | |  1.7
Throwing       | |  1.7
Dodging        | |  0.8
Stealth        | |  3.6

Action                   |  1- 3 |  4- 6 || total
-------------------------+-------+-------++-------
Melee: Dagger            |   113 |   103 ||   216
       Punch             |       |     1 ||     1
       Touch             |       |    12 ||    12
 Fire: Hunting sling     |    23 |       ||    23
Throw: Dart              |     4 |     5 ||     9
  Use: Potion            |       |     8 ||     8
 Stab: Sleeping          |     8 |     1 ||     9
Armor: Robe              |    14 |       ||    14
       Ring mail         |    17 |       ||    17
       Scale mail        |    22 |    45 ||    67
Dodge: Dodged            |    59 |    44 ||   103
